 Dungeon Crawl Stone Soup version 0.24-a0-7-g1bb0902 (webtiles) character file.

Game seed: 14634697316298598164

65 Lavandula the Vandal (level 4, -4/27 HPs)
             Began as a Halfling Arcane Marksman on Jan 30, 2019.
             Splashed by Ijyb's acid (13 damage)
             ... on level 3 of the Dungeon.
             The game lasted 00:03:28 (663 turns).

Lavandula the Vandal (Halfling Arcane Marksman)      Turns: 663, Time: 00:03:28

Health: -4/27      AC:  1    Str: 12    XL:     4   Next: 34%
Magic:  5/5        EV: 15    Int: 11    God:
Gold:   81         SH:  0    Dex: 14    Spells: 4/5 levels left

rFire    . . .     SeeInvis .   a - +0 hunting sling
rCold    . . .     Gourm    .   (shield restricted)
rNeg     . . .     Faith    .   e - +0 robe
rPois    .         Spirit   .   s - +2 hat
rElec    .         Reflect  .   (no cloak)
rCorr    .         Harm     .   (no gloves)
MR       .....                  m - +0 pair of boots
Stlth    ++........             (no amulet)
HPRegen  0.09/turn              h - ring of stealth
MPRegen  0.09/turn              (no ring)

@: corroded
A: small, mutation resistance 1
a: no special abilities


You were on level 3 of the Dungeon.
You were not hungry.

You visited 1 branch of the dungeon, and saw 3 of its levels.

You collected 81 gold pieces.

Inventory:

Hand Weapons
 a - a +0 hunting sling (weapon)
 b - a +0 dagger
Missiles
 d - 30 sling bullets (quivered)
 k - 28 stones
Armour
 e - a +0 robe (worn)
 l - a +0 ring mail
 m - a +0 pair of boots (worn)
 p - a cursed +0 chain mail
 s - a +2 hat (worn)
Magical Staves
 t - an uncursed staff of summoning {unknown}
Jewellery
 h - a ring of stealth (left hand)
Scrolls
 g - 2 scrolls of fog {unknown}
 j - 3 scrolls of identify {unknown}
 n - 2 scrolls of amnesia {unknown}
 q - a scroll of remove curse {unknown}
 u - a scroll of enchant armour {unknown}
Potions
 c - a potion of curing {unknown}
 i - 2 potions of lignification {unknown}
 o - 2 potions of brilliance {unknown}
 r - a potion of agility {unknown}
Comestibles
 f - 3 rations


   Skills:
 - Level 0.8 Fighting
 + Level 6.3 Slings
 - Level 2.1 Dodging
 - Level 1.0 Spellcasting
 - Level 2.4 Hexes


You had 4 spell levels left.
You knew the following spells:

 Your Spells              Type           Power        Failure   Level  Hunger
a - Corona                Hex            #......      12%         1    ##.....

Your spell library contained the following spells:

 Spells                   Type           Power        Failure   Level  Hunger
 Slow                     Hex            #.......     19%         2    ###....
 Inner Flame              Hex/Fire       #.......     52%         3    ####...
 Portal Projectile        Hex/Tloc       #.....       52%         3    ####...
 Cause Fear               Hex            #.........   77%         4    #####..
 Leda's Liquefaction      Hex/Erth       #.........   89%         4    #####..


Dungeon Overview and Level Annotations

Branches:
Dungeon (3/15)

Altars:
Nemelex Xobeh
Uskayaw
Vehumet

Annotations:
D:3 Ijyb, Terence


Innate Abilities, Weirdness & Mutations

You are small and have problems with some larger weapons.
You are somewhat resistant to further mutation.


Message History

Unknown command.
Firing (i - inventory. (/) - cycle)
d - 33 sling bullets (quivered)
Press: ? - help, Shift-Dir - straight line, f - Ijyb
Aim: Ijyb, wielding a +10 club, wearing a +0 scale mail and carrying a wand of acid (13)
You shoot a sling bullet. The sling bullet hits Ijyb.
Ijyb is lightly wounded.
Firing (i - inventory. (/) - cycle)
d - 32 sling bullets (quivered)
Press: ? - help, Shift-Dir - straight line, f/p - Ijyb
Aim: Ijyb, wielding a +10 club, wearing a +0 scale mail and carrying a wand of acid (13) (lightly wounded)
You shoot a sling bullet. The sling bullet hits Ijyb.
Ijyb is lightly wounded.
Firing (i - inventory. (/) - cycle)
d - 31 sling bullets (quivered)
Press: ? - help, Shift-Dir - straight line, f/p - Ijyb
Aim: Ijyb, wielding a +10 club, wearing a +0 scale mail and carrying a wand of acid (13) (lightly wounded)
You shoot a sling bullet.
The sling bullet completely misses Ijyb.
Ijyb zaps a wand.
The bolt of acid hits you!!
Ouch! That really hurt!
The acid corrodes you!
You are splashed with acid!
You die...

#. #.(.# ##.
#.##...#### ..#
.......... ##.
..>.....#
..(...(#
#.(.#.##
#.g....###
#........#
#@#....#.#
#.#)####.#
#......#.# .#
####.##.#.##.##
...............
####.........##
####.#.####
########.#.#
#..........#


You could see Ijyb.

Vanquished Creatures
  A worker ant (D:2)
  An adder (D:2)
  2 worms (D:3)
  A leopard gecko (D:2)
  A giant cockroach (D:1)
  3 goblins
  2 hobgoblins
  6 jackals
  A kobold (D:2)
  4 bats
  A frilled lizard (D:3)
  A rat (D:3)
24 creatures vanquished.

Notes
Turn   | Place    | Note
-------+----------+-------------------------------------------
     0 | D:1      | Lavandula the Halfling Arcane Marksman began the quest for
                  | the Orb.
     0 | D:1      | Reached XP level 1. HP: 12/12 MP: 2/2
   115 | D:2      | Noticed a worker ant
   125 | D:2      | Killed a worker ant
   125 | D:2      | Reached skill level 5 in Slings
   125 | D:2      | Reached XP level 2. HP: 10/18 MP: 0/3
   125 | D:2      | Reached XP level 3. HP: 12/22 MP: 0/4
   200 | D:2      | Found a hide-covered altar of Uskayaw.
   357 | D:3      | Reached XP level 4. HP: 25/27 MP: 5/5
   417 | D:3      | Reached skill level 6 in Slings
   555 | D:3      | Found a radiant altar of Vehumet.
   571 | D:3      | Found a sparkling altar of Nemelex Xobeh.
   593 | D:3      | Noticed Terence
   657 | D:3      | Noticed Ijyb
   663 | D:3      | Splashed by Ijyb's acid

Vault maps used:
D:1:      dpeg_arrival_more_subterranean_lakeside_camping, serial_glass,
          glass_columns_c, glass_columns_a, minmay_strange_pillars,
          minmay_strange_pillars, item_on_display_a, feat_on_display
D:2:      nicolae_overflow_crystal_walls
D:3:      lemuel_round_altar, nemelex_xobeh_ov_fountains_minmay, first_ration,
          biasface_ghost_orc_armoury, uniq_terence, uniq_ijyb

Skill      XL: |  1  2  3  4 |
---------------+-------------+-----
Slings         | 5 6 |  6.3
Fighting       | |  0.8
Dodging        | |  2.1
Spellcasting   | |  1.0
Hexes          | |  2.4

Action                   |  1- 3 |  4- 6 || total
-------------------------+-------+-------++-------
 Fire: Hunting sling     |    31 |    37 ||    68
 Cast: Corona            |     2 |       ||     2
Armor: Robe              |     1 |       ||     1
Dodge: Dodged            |     4 |       ||     4

Table legend:
 A = Non-vault XP
 B = Vault XP
 C = Vault XP percentage of total XP
 D = Non-vault monster count
 E = Vault monster count
 F = Vault count percentage of total count
                 A         B        C        D         E       F
            +---------+---------+-------+---------+---------+-------
      Total |      93 |       0 |   0.0 |      24 |       0 |   0.0
            +---------+---------+-------+---------+---------+-------
        D:1 |       5 |       0 |   0.0 |       3 |       0 |   0.0
        D:2 |      63 |       0 |   0.0 |      10 |       0 |   0.0
        D:3 |      25 |       0 |   0.0 |      11 |       0 |   0.0
            +---------+---------+-------+---------+---------+-------
